 Dungeon Crawl Stone Soup version 0.27.1-35-g4d5d836560 (webtiles) character file.

Game seed: 15425587246517256295

52 Delamore the Sneak (level 3, -2/24 HPs)
             Began as an Octopode Brigand on Apr 18, 2022.
             Slain by a wyvern zombie (4 damage)
             ... on level 3 of the Dungeon.
             The game lasted 00:01:22 (1918 turns).

Delamore the Sneak (Octopode Brigand)               Turns: 1918, Time: 00:01:22

Health: -2/24      AC:  1    Str: 10    XL:     3   Next: 85%
Magic:  3/3        EV: 12    Int: 13    God:
Gold:   120        SH:  0    Dex: 14    Spells: 2/2 levels left

rFire    . . .     SeeInvis .   a - +2 dagger
rCold    . . .     Faith    .   (no shield)
rNeg     . . .     Spirit   .   (helmet restricted)
rPois    .         Reflect  .   (no amulet)
rElec    .         Harm     .   (no ring)
rCorr    .         Rampage  .   (no ring)
Will     .....                  (no ring)
Stlth    ++++......             (no ring)
HPRegen  0.08/turn              (no ring)
MPRegen  0.08/turn              (no ring)
                                (no ring)
                                (no ring)

@: no status effects
A: almost no armour, amphibious, 8 rings, camouflage 1, gelatinous body 1,
(nimble swimmer 1), tentacles
a: no special abilities


You were on level 3 of the Dungeon.
You visited 1 branch of the dungeon, and saw 3 of its levels.

You collected 120 gold pieces.

Inventory:

Hand Weapons
 a - a +2 dagger (weapon)
Missiles
 b - 8 poisoned darts (quivered)
 c - 2 curare-tipped darts
Armour
 e - a +0 tower shield
Scrolls
 d - a scroll of teleportation {unknown}
 g - a scroll of amnesia {unknown}
 i - a scroll of identify {unknown}
Potions
 f - a potion of haste {unknown}
 h - a potion of resistance {unknown}
 j - a potion of curing {unknown}
 k - a potion of might {unknown}


   Skills:
 - Level 2.0 Fighting
 * Level 3.5 Short Blades
 - Level 2.0 Throwing
 - Level 1.0 Dodging
 + Level 6.0 Stealth


You had 2 spell levels left.
You didn't know any spells.
Your spell library contained the following spells:

 Spells                   Type           Power      Damage    Failure   Level
 Corona                   Hex            0%         N/A       30%         1
 Ensorcelled Hibernation  Hex/Ice        0%         N/A       43%         2
 Tukima's Dance           Hex            0%         N/A       67%         3


Dungeon Overview and Level Annotations

Branches:
Dungeon (3/15)

Altars:

Shops:
D:1 :


Innate Abilities, Weirdness & Mutations

You cannot wear most types of armour.
You are amphibious.
You can wear up to eight rings at the same time.
Your skin changes colour to match your surroundings (Stealth+).
Your rubbery body absorbs attacks. (AC +1, EV +1)
((You are camouflaged near water. (Stealth+)))
You have tentacles for arms and can constrict up to eight enemies at once.


Message History

No target in view!
No target in view!
No target in view!
No target in view!
No target in view!
No target in view!
No target in view!
No target in view!
No target in view!
No target in view!
A bat is nearby!
A bat is nearby!
A bat is nearby!
You hit the bat.
You kill the bat!
HP restored.
You see here a +0 club.
You now have 120 gold pieces (gained 10).
You see here a +0 club.
Found a war axe.
A wyvern zombie comes into view.
You hit the wyvern zombie but do no damage.
You squeeze the wyvern zombie.
The wyvern zombie is lightly damaged.
The wyvern zombie bites you!
You hit the wyvern zombie. You squeeze the wyvern zombie!
The wyvern zombie is moderately damaged.
The wyvern zombie bites you!
Ouch! That really hurt!
* * * LOW HITPOINT WARNING * * *
You are too injured to fight recklessly!
You are too injured to fight recklessly!
You are too injured to fight recklessly!
You are too injured to fight recklessly!
You are too injured to fight recklessly!
You are too injured to fight recklessly!
A wyvern zombie is nearby!
Okay, then.
The wyvern zombie bites you.
You die...

#.# #.# #.# #.#
#.# #.#
#########.#
##.###.#.#.#.#Z#.#
.......<)....@..)#
######.#)#.#.#.#.#
#..............
##.#.#.#.#.#....
#...........#...#
##.#.#.#.#.###.##
#...........# ##
##.#.#.#.#.##
..... ..#


You could see a wyvern zombie.

Vanquished Creatures
  A worm (D:2)
  A dart slug (D:2)
  6 endoplasms
  3 giant cockroaches
  6 goblins
  5 hobgoblins
  A kobold (D:1)
  3 quokkas
  8 ball pythons
  3 bats
  3 frilled lizards
  A rat (D:2)
41 creatures vanquished.

Vanquished Creatures (others)
  A fungus (D:1)
1 creature vanquished.

Grand Total: 42 creatures vanquished

Notes
Turn   | Place    | Note
-------+----------+-------------------------------------------
     0 | D:1      | Delamore the Octopode Brigand began the quest for the Orb.
     0 | D:1      | Reached XP level 1. HP: 14/14 MP: 1/1
   216 | D:1      | Found Zuasu's Book Emporium.
   257 | D:1      | Reached XP level 2. HP: 19/19 MP: 2/2
   894 | D:2      | Reached XP level 3. HP: 21/24 MP: 3/3
  1480 | D:2      | Found a faded altar of an unknown god.
  1656 | D:3      | Reached skill level 6 in Stealth
  1918 | D:3      | Slain by a wyvern zombie

Illustrated notes

Levels and vault maps discovered:
D:1:      minmay_arrival_radiant_lines, layout_basic, serial_shops, shop,
          minmay_shallow_snake_nest
D:2:      layout_basic, dilly_ecumenical_altar_fadedgnrine
D:3:      layout_loops_ring, mainiacjoe_overflow_chevrons,
          cheibrodos_worm_habitat, st_stairs_10, hangedman_decor_lopped

Skill      XL: |  1  2  3 |
---------------+----------+-----
Short Blades   | 3 |  3.5
Stealth        | 6 |  6.0
Fighting       | |  2.0
Throwing       | |  2.0
Dodging        | |  1.0

Action                   || total
-------------------------++-------
Melee: Dagger            ||    69
       Constrict         ||    11
       Tentacles         ||     9
 Stab: Sleeping          ||    17
Armor: Skin              ||     7
Dodge: Dodged            ||    33
